 Dungeon Crawl Stone Soup version 0.24-a0-397-g73b976d855 (webtiles) character file.

Game seed: 4422384096740641067

16 Laiders72 the Shield-Bearer (level 2, -5/24 HPs)
             Began as a Formicid Fighter on June 4, 2019.
             Slain by a gnoll
             ... wielding a +0 spear
              (7 damage)
             ... on level 1 of the Dungeon.
             The game lasted 00:00:58 (197 turns).

Laiders72 the Shield-Bearer (Formicid Fighter)       Turns: 197, Time: 00:00:59

Health: -5/24      AC:  6    Str: 20    XL:     2   Next: 70%
Magic:  2/2        EV:  7    Int:  7    God:
Gold:   0          SH:  9    Dex: 10    Spells: 1/1 levels left

rFire    . . .     SeeInvis +   a - +0 flail
rCold    . . .     Gourm    .   c - +0 shield
rNeg     . . .     Faith    .   b - +0 scale mail
rPois    .         Spirit   .   (helmet unavailable)
rElec    .         Reflect  .   (no cloak)
rCorr    .         Harm     .   (no gloves)
MR       .....                  (no boots)
Stlth    ..........             (no amulet)
HPRegen  0.08/turn              (no ring)
MPRegen  0.08/turn              (no ring)

@: no status effects
A: permanent stasis, dig shafts and tunnels, four strong arms, antennae 3
a: Dig, Shaft Self


You were on level 1 of the Dungeon.
You were not hungry.

You visited 1 branch of the dungeon, and saw 1 of its levels.

Inventory:

Hand Weapons
 a - a +0 flail (weapon)
Armour
 b - a +0 scale mail (worn)
 c - a +0 shield (worn)
Scrolls
 e - a scroll of enchant armour {unknown}
Potions
 d - a potion of might
Comestibles
 f - a ration


   Skills:
 + Level 3.5 Fighting
 * Level 2.6 Maces & Flails
 - Level 3.3 Armour
 + Level 3.9 Shields


You had one spell level left.
You didn't know any spells.
Your spell library was empty.

Dungeon Overview and Level Annotations

Branches:
Dungeon (1/15)

Altars:


Innate Abilities, Weirdness & Mutations

You cannot be hasted, slowed, berserked, paralysed or teleported.
You can dig through walls and to a lower floor.
Your four strong arms can wield two-handed weapons with a shield.
You have a pair of large antennae on your head. (SInv)


Message History

You hit the gnoll.
The gnoll is moderately wounded.
The bat barely misses you. You block the gnoll's attack.
You completely miss the gnoll.
The gnoll is moderately wounded.
You block the bat's attack. The gnoll hits you but does no damage.
You hit the gnoll.
The gnoll is moderately wounded.
The bat hits you but does no damage. The gnoll hits you with a +0 spear.
The gnoll hits you with a +0 spear!
* * * LOW HITPOINT WARNING * * *
You closely miss the gnoll.
The gnoll is moderately wounded.
You block the bat's attack. You block the gnoll's attack.
The bat hits you but does no damage.
Your shield and scale mail prevent you from hitting the gnoll.
The gnoll is moderately wounded.
The bat closely misses you. You block the bat's attack. x2
The gnoll hits you with a +0 spear!
You die...

...................
..........).............
........................
..........))............
....###.................
.#..#...#...............
.##.#.##................
. #.#.##.........g......
# #.#.##..#.....@b......
#.#.....##.....##..#.#
##.#..##.##.##.##..#..#
##....###.##.##..#.# ..
....### #.# ..##...# ...
.##..# #.# #.###..#....
##..# #.# #.#.......#
#.†.# ##.# #.#.#........
#.#.# #..# #.#..........


You could see a gnoll and a bat.

Vanquished Creatures
  A dart slug (D:1)
  A leopard gecko (D:1)
  A giant cockroach (D:1)
  2 hobgoblins (D:1)
  A ball python (D:1)
  A bat (D:1)
  3 goblins (D:1)
  3 rats (D:1)
13 creatures vanquished.

Notes
Turn   | Place    | Note
-------+----------+-------------------------------------------
     0 | D:1      | Laiders72 the Formicid Fighter began the quest for the Orb.
     0 | D:1      | Reached XP level 1. HP: 18/18 MP: 1/1
   113 | D:1      | Reached XP level 2. HP: 24/24 MP: 2/2
   197 | D:1      | Slain by a gnoll

Levels and vault maps discovered:
D:1:      scummos_arrival_simple_fountains, layout_rooms

Action                   || total
-------------------------++-------
Melee: Flail             ||    52
Armor: Scale mail        ||    27
Dodge: Dodged            ||    23
Block: Shield            ||    36

Table legend:
 A = Non-vault XP
 B = Vault XP
 C = Vault XP percentage of total XP
 D = Non-vault monster count
 E = Vault monster count
 F = Vault count percentage of total count
                 A         B        C        D         E       F
            +---------+---------+-------+---------+---------+-------
      Total |      23 |       0 |   0.0 |      13 |       0 |   0.0
            +---------+---------+-------+---------+---------+-------
        D:1 |      23 |       0 |   0.0 |      13 |       0 |   0.0
            +---------+---------+-------+---------+---------+-------
